 Dungeon Crawl Stone Soup version 0.26-a0-8-gc4d20be10f (webtiles) character file.

Game seed: 7784315085927781738, levelgen mode: deterministic

14954 Arthanis the Cleaver (level 12, -4/80 HPs)
             Began as a Gargoyle Berserker on May 24, 2020.
             Was a High Priest of Trog.
             Hit by a large rock thrown by a cyclops (34 damage)
             ... on level 11 of the Dungeon.
             The game lasted 00:18:03 (8719 turns).

Arthanis the Cleaver (Gargoyle Berserker)           Turns: 8719, Time: 00:18:04

Health: -4/80      AC: 27    Str: 32    XL:     12   Next: 21%
Magic:  16/16      EV:  9    Int: 14    God:    Trog [*****.]
Gold:   393        SH:  0    Dex:  9    Spells: 11/11 levels left

rFire    . . .     SeeInvis .   h - +3 executioner's axe (vorpal)
rCold    . . .     Gourm    .   (shield currently unavailable)
rNeg     + . .     Faith    .   T - +0 plate armour
rPois    ∞         Spirit   .   u - +0 helmet
rElec    +         Reflect  .   b - +0 cloak
rCorr    .         Harm     .   M - +0 pair of gloves
MR       .....                  H - +0 pair of boots {run}
Stlth    ..........             y - amulet of regeneration
HPRegen  0.63/turn              r - +6 ring of strength
MPRegen  0.15/turn              a - +6 ring of strength

@: berserk cooldown, slowed, very slow
A: negative energy resistance 1, electricity resistance, unbreathing,
petrification resistance, rot immunity, AC +8
a: Berserk, Trog's Hand, Brothers in Arms, Renounce Religion


You were on level 11 of the Dungeon.
You worshipped Trog.
Trog was extremely pleased with you.
You were hungry.

You visited 1 branch of the dungeon, and saw 11 of its levels.
You also visited: Ossuary and Bailey.

You collected 692 gold pieces.
You spent 299 gold pieces at shops.

Inventory:

Hand Weapons
 e - a +1 dagger of venom
 h - a +3 vorpal executioner's axe (weapon)
 n - a +1 battleaxe of freezing
 x - a +0 trident
 J - a +2 war axe of draining
 O - a +1 antimagic dagger
Armour
 b - a +0 cloak (worn)
 u - a +0 helmet (worn)
 D - a +0 tower shield
 H - a +0 pair of boots of running (worn)
 M - a +0 pair of gloves (worn)
 T - a +0 plate armour (worn)
Jewellery
 a - a +6 ring of strength (right hand)
 f - an uncursed ring of resist corrosion
 p - an uncursed ring of fire
 r - a +6 ring of strength (left hand)
 v - an uncursed ring of protection from magic
 y - an amulet of regeneration (around neck)
 N - an uncursed ring of flight {unknown}
 Q - an uncursed amulet of faith
Wands
 F - a wand of random effects (14)
 R - a wand of clouds (9)
 S - a wand of acid (8)
Scrolls
 d - 3 scrolls of magic mapping
 g - a scroll of noise {unknown}
 j - 7 scrolls of teleportation
 o - 3 scrolls of amnesia {unknown}
 s - 2 scrolls of enchant armour
 t - 10 scrolls of remove curse
 B - 5 scrolls of enchant weapon
 E - 5 scrolls of blinking
 K - 2 scrolls of immolation {unknown}
 V - a scroll of acquirement {unknown}
 X - a scroll of fog {unknown}
 Y - a scroll of summoning {unknown}
Potions
 i - 2 potions of invisibility {unknown}
 k - 3 potions of brilliance {unknown}
 l - 5 potions of haste
 m - 4 potions of curing {unknown}
 q - 4 potions of degeneration
 w - 4 potions of magic {unknown}
 z - 2 potions of mutation {unknown}
 A - a potion of flight {unknown}
 C - 3 potions of ambrosia {unknown}
 G - 4 potions of stabbing {unknown}
 I - 3 potions of lignification {unknown}
 L - 3 potions of resistance {unknown}
 P - 2 potions of heal wounds {unknown}
 W - a potion of experience {unknown}
Comestibles
 c - 13 rations
 U - a chunk of flesh


   Skills:
 + Level 11.2 Fighting
 * Level 12.6 Axes
 - Level 8.1 Armour
 - Level 2.0 Dodging
 - Level 6.1 Evocations


You had 11 spell levels left.
You didn't know any spells.
Your spell library contained the following spells:

 Spells                   Type           Power        Failure   Level  Hunger
 Foxfire                  Conj/Fire      #...         90%         1    ##.....
 Magic Dart               Conj           #...         90%         1    ##.....
 Blink                    Tloc           N/A          97%         2    ###....
 Call Imp                 Summ           #.......     97%         2    ###....
 Slow                     Hex            #.......     97%         2    ###....
 Confusing Touch          Hex            #.......     99%         3    ####...
 Conjure Flame            Conj/Fire      #.......     99%         3    ####...
 Gell's Gravitas          Tloc           #.........   99%         3    ####...
 Inner Flame              Hex/Fire       #.......     99%         3    ####...
 Mephitic Cloud           Conj/Pois/Air  #.......     99%         3    ####...
 Petrify                  Tmut/Erth      #.......     100%        4    #####..
 Sticky Flame             Conj/Fire      #.......     100%        4    #####..
 Fireball                 Conj/Fire      #.........   100%        5    ######.
 Metabolic Englaciation   Hex/Ice        #.........   100%        5    ######.
 Yara's Violent Unravell  Hex/Tmut       #.........   100%        5    ######.


Dungeon Overview and Level Annotations

Branches:
Dungeon (11/15)            Temple (0/1) D:4            Lair (0/6) D:8
    Orc (0/2) D:11        Ossuary (visited)          Bailey (visited)

Altars:
Kikubaaqudgha
Nemelex Xobeh
Okawaru
Qazlal
Ru
Trog
Zin
The Shining One

Shops:
D:7 =   D:8 [


Innate Abilities, Weirdness & Mutations

You are resistant to torment.
Your stone body is resilient. (AC +8)
You are immune to poison.
You resist negative energy. (rN+)
You are resistant to electric shocks. (rElec)
You can survive without breathing.
You are immune to petrification.
You are immune to rotting.


Message History

The soldier ant is heavily wounded.
The soldier ant barely misses you.
You slice the soldier ant!!
You kill the soldier ant!
Trog accepts your kill.
You slice the yak!!
The yak is almost dead.
Things that are here:
a +0 whip; a +0 robe You feel a strong urge to attack something.
You are no longer berserk.
You are exhausted.
You feel yourself slow down. The yak barely misses you.
A cyclops comes into view.
The cyclops shouts!
The cyclops throws a large rock.
The large rock hits you!!
You see here a large rock.
The cyclops throws a large rock.
The large rock hits you!!
You die...

.......)†[)......
######.########.
#######)########
................
............^...
########..###### #O.#
###############.Y#######
)).........C....@.......
)####.##.####.....######
.####..#..###...#.#########
...........................
......##.................
##....##....##.........# .#
#........).##.........# .#
.........(.......##....# .#
.................##.[..####
.#


You could see a two-headed ogre, a cyclops and a yak.

Vanquished Creatures
  An orc warlord (Bailey)
  4 two-headed ogres
  A tengu warrior (D:10)
  Urug (D:10)
  An ugly thing (D:11)
  A cyclops (D:11)
  Maurice (D:11)
  A centaur skeleton (D:11)
  2 trolls
  2 hippogriffs (D:11)
  A human (D:11)
  A wyvern (D:7)
  3 yaks (D:11)
  2 steam dragons
  A hungry ghost (D:8)
  A warg (D:10)
  An acid dragon (D:11)
  A soldier ant (D:11)
  4 water moccasins
  8 orc warriors
  Duvessa (D:6)
  3 sky beasts
  2 phantoms
  3 ice beasts
  2 black bears
  5 ogres
  6 centaurs
  An elf zombie (Ossuary)
  A big kobold (D:10)
  6 bullfrogs
  Dowan (D:6)
  3 scorpions
  A water moccasin skeleton (D:4)
  9 wights
  4 howler monkeys
  A bullfrog zombie (D:5)
  7 crimson imps
  2 centaur zombies (D:11)
  5 hounds
  A jelly (D:6)
  10 orc priests
  11 orc wizards
  Crazy Yiuf (D:7)
  An iguana (D:8)
  6 worker ants
  Terence (D:3)
  2 big kobold zombies (Ossuary)
  4 hound zombies
  5 worker ant zombies
  A howler monkey zombie (D:8)
  4 mummies (Ossuary)
  Robin (D:2)
  5 gnolls
  7 adders
  4 shadow imps
  A white imp (D:5)
  An ooze (D:2)
  An adder zombie (Ossuary)
  An adder skeleton (D:6)
  3 worms
  4 dart slugs
  6 leopard geckos
  54 orcs
  A ball python (D:1)
  11 giant cockroaches
  A gnoll zombie (Ossuary)
  10 goblins
  8 hobgoblins
  23 jackals
  20 kobolds
  7 quokkas
  A ball python skeleton (D:6)
  7 bats
  8 frilled lizards
  4 goblin zombies (D:5)
  3 hobgoblin zombies (D:5)
  A jackal zombie (Ossuary)
  A kobold skeleton (D:5)
  3 kobold zombies (Ossuary)
  A leopard gecko skeleton (D:4)
  A leopard gecko zombie (D:7)
  An orc skeleton (D:5)
  An orc zombie (D:5)
  A quokka skeleton (D:3)
  9 rats
  4 fungi (D:7)
363 creatures vanquished.

Notes
Turn   | Place    | Note
-------+----------+-------------------------------------------
     0 | D:1      | Arthanis the Gargoyle Berserker began the quest for the
                  | Orb.
     0 | D:1      | Reached XP level 1. HP: 14/14 MP: 1/1
   244 | D:1      | Reached XP level 2. HP: 19/19 MP: 2/2
   249 | D:1      | Reached skill level 3 in Axes
   426 | D:1      | Reached XP level 3. HP: 23/23 MP: 3/3
   487 | D:1      | Reached ** piety under Trog
   766 | D:2      | Noticed an ogre
   773 | D:2      | Killed an ogre
   773 | D:2      | Reached skill level 4 in Axes
   773 | D:2      | Reached XP level 4. HP: 29/29 MP: 4/4
   773 | D:2      | Reached XP level 5. HP: 33/33 MP: 5/5
  1315 | D:2      | Noticed Robin
  1332 | D:2      | Killed Robin
  1467 | D:2      | Noticed a moth of wrath
  1470 | D:2      | Found a bloodstained altar of Trog.
  1595 | D:2      | Reached *** piety under Trog
  1750 | D:3      | Reached XP level 6. HP: 39/39 MP: 6/6
  2171 | D:3      | Noticed Terence
  2178 | D:3      | Killed Terence
  2606 | D:4      | Found a staircase to the Ecumenical Temple.
  2737 | D:4      | Reached skill level 5 in Axes
  3050 | D:4      | Reached skill level 5 in Fighting
  3050 | D:4      | Reached XP level 7. HP: 44/44 MP: 7/7
  3485 | D:5      | Entered Level 5 of the Dungeon
  3584 | D:5      | Reached skill level 6 in Axes
  3584 | D:5      | Reached skill level 5 in Armour
  3604 | D:5      | Reached **** piety under Trog
  3604 | D:5      | Reached XP level 8. HP: 51/51 MP: 8/8
  3620 | D:5      | Found a sand-covered staircase.
  3625 | Ossuary  | Entered an ossuary
  3987 | D:5      | Reached skill level 7 in Axes
  4132 | D:5      | Found a glowing golden altar of the Shining One.
  4352 | D:6      | Reached ***** piety under Trog
  4419 | D:6      | Noticed Duvessa
  4431 | D:6      | Killed Duvessa
  4431 | D:6      | Reached XP level 9. HP: 57/57 MP: 9/9
  4432 | D:6      | Noticed Dowan
  4441 | D:6      | Killed Dowan
  4449 | D:6      | Reached skill level 8 in Axes
  4520 | D:6      | Found an iron altar of Okawaru.
  4914 | D:6      | Found a stormy altar of Qazlal.
  5103 | D:7      | Reached skill level 1 in Evocations
  5129 | D:7      | Reached skill level 9 in Axes
  5166 | D:7      | Found Gaowaas's Jewellery Shoppe.
  5317 | D:7      | Found a sacrificial altar of Ru.
  5320 | D:7      | Found an ancient bone altar of Kikubaaqudgha.
  5322 | D:7      | Found an iron altar of Okawaru.
  5400 | D:7      | Reached XP level 10. HP: 33/65 MP: 10/12
  5604 | D:7      | Found a sparkling altar of Nemelex Xobeh.
  5782 | D:7      | Found a runed translucent door.
  5783 | D:7      | Noticed Crazy Yiuf
  5789 | D:7      | Killed Crazy Yiuf
  5856 | D:8      | Received a gift from Trog
  6148 | D:8      | Reached skill level 10 in Axes
  6200 | D:8      | Found a staircase to the Lair.
  6254 | D:8      | Found Jogeiw's Antique Armour Emporium.
  6261 | D:8      | Bought a pair of embroidered boots for 187 gold pieces
  6261 | D:8      | Bought a pair of gloves for 112 gold pieces
  6276 | D:8      | Identified a +0 pair of boots of running (You bought it in
                  | a shop on level 8 of the Dungeon)
  6376 | D:8      | Found a glowing silver altar of Zin.
  6626 | D:9      | Noticed a two-headed ogre
  6632 | D:9      | Killed a two-headed ogre
  6694 | D:9      | Noticed a two-headed ogre
  6701 | D:9      | Killed a two-headed ogre
  7381 | D:10     | Entered Level 10 of the Dungeon
  7398 | D:10     | Reached XP level 11. HP: 71/71 MP: 14/14
  7516 | D:10     | Found a flagged portal.
  7525 | Bailey   | Entered a bailey
  7530 | Bailey   | Noticed an orc warlord
  7597 | Bailey   | Found a runed translucent gate.
  7597 | Bailey   | Found a runed translucent gate.
  7618 | Bailey   | Found a runed translucent gate.
  7723 | Bailey   | Killed an orc warlord
  7723 | Bailey   | Reached skill level 11 in Axes
  7723 | Bailey   | Reached skill level 5 in Evocations
  7843 | D:10     | Noticed Urug
  7860 | D:10     | Killed Urug
  8051 | D:10     | Noticed a tengu warrior
  8062 | D:10     | Killed a tengu warrior
  8062 | D:10     | Received a gift from Trog
  8062 | D:10     | Reached skill level 10 in Fighting
  8417 | D:11     | Noticed Maurice
  8427 | D:11     | Paralysed by Maurice for 3 turns
  8439 | D:11     | Noticed a cyclops
  8483 | D:11     | Killed a cyclops
  8520 | D:11     | Paralysed by something for 3 turns
  8543 | D:11     | Killed Maurice
  8583 | D:11     | Found a staircase to the Orcish Mines.
  8677 | D:11     | Noticed a purple ugly thing
  8678 | D:11     | Noticed a two-headed ogre
  8678 | D:11     | Noticed a two-headed ogre
  8683 | D:11     | Killed a two-headed ogre
  8683 | D:11     | Reached skill level 12 in Axes
  8690 | D:11     | Killed a two-headed ogre
  8690 | D:11     | Reached XP level 12. HP: 79/79 MP: 16/16
  8694 | D:11     | Noticed a two-headed ogre
  8719 | D:11     | Hit by a large rock thrown by a cyclops

Illustrated notes

Levels and vault maps discovered:
D:1:      tarquinn_simple_flora_water_d, layout_basic, serial_bayou_pond_e
D:2:      layout_loops_ring, tgw_trog, kennysheep_generic_room_10, uniq_robin
D:3:      layout_rooms, minmay_misc_feat_alley, hangedman_decor_clover_reticule,
          hangedman_decor_diamond_cutter, uniq_terence
D:4:      layout_layer_cave, minmay_temple_entry_wispy
D:5:      layout_cave_pools, nicolae_tso_besieged_by_evil, first_ration,
          enter_ossuary_5
D:6:      layout_loops_ring, nicolae_qazlal_general_emergency,
          okawaru_metal_pillars_1_2, uniq_duvessa
D:7:      layout_rooms, grunt_temple_overflow_open, kennysheep_little_box,
          serial_shops, nicolae_shop_crystal, kennysheep_generic_room_2,
          uniq_crazy_yiuf_cottage
D:8:      layout_rooms, nicolae_overflow_hidden_temple, lair_entry_dummy,
          serial_rivers, chequers_serial_rivers_micro_c,
          chequers_serial_rivers_small_a, chequers_serial_rivers_micro_d,
          chequers_serial_rivers_large_a, chequers_serial_rivers_micro_c,
          chequers_serial_rivers_room_b, kennysheep_small_circle
D:9:      layout_loops_ring, serial_rivers, chequers_serial_rivers_micro_a,
          chequers_serial_rivers_room_b, chequers_serial_rivers_micro_a,
          chequers_serial_rivers_micro_b, chequers_serial_rivers_micro_e,
          chequers_serial_rivers_micro_e
D:10:     layout_long_grid, enter_bailey_2, corexii_leaking_fountain, uniq_urug
D:11:     layout_long_grid, erik_orc_4,
          ploomutoo_gammafunk_ghost_potion_laboratory, bloody_makhleb,
          uniq_maurice

Skill      XL: |  1  2  3  4  5  6  7  8  9 10 11 12 |
---------------+-------------------------------------+-----
Axes           | 3 4 5 6 7 9 10 12 | 12.6
Dodging        | 2 |  2.0
Fighting       | 4 5 7 8 9 10 11 | 11.2
Armour         | 3 4 5 6 7 8 |  8.1
Evocations     | 2 4 6 |  6.1

Action                   |  1- 3 |  4- 6 |  7- 9 | 10-12 || total
-------------------------+-------+-------+-------+-------++-------
Melee: Hand axe          |   113 |    29 |       |       ||   142
       Battleaxe         |       |   170 |   318 |    51 ||   539
       Executioner's axe |       |       |       |   291 ||   291
Invok: Berserk           |     3 |     4 |     3 |    12 ||    22
       Trog's Hand       |       |       |     2 |       ||     2
Evoke: Wand              |       |       |       |     2 ||     2
  Use: Scroll            |       |       |     7 |     4 ||    11
  Eat: Chunk             |     2 |    12 |    11 |    23 ||    48
       Ration            |       |       |       |     1 ||     1
Armor: Animal skin       |     7 |       |       |       ||     7
       Chain mail        |    79 |   141 |   321 |       ||   541
       Plate armour      |       |       |    15 |   424 ||   439
Dodge: Dodged            |    51 |   108 |   179 |   268 ||   606

Table legend:
 A = Non-vault XP
 B = Vault XP
 C = Vault XP percentage of total XP
 D = Non-vault monster count
 E = Vault monster count
 F = Vault count percentage of total count
                 A         B        C        D         E       F
            +---------+---------+-------+---------+---------+-------
      Total |   16596 |    4767 |  22.3 |     270 |      89 |  24.8
            +---------+---------+-------+---------+---------+-------
        D:1 |      42 |       0 |   0.0 |      22 |       0 |   0.0
        D:2 |     243 |      33 |  12.0 |      28 |      13 |  31.7
        D:3 |      31 |      36 |  53.7 |      14 |       1 |   6.7
        D:4 |     292 |       0 |   0.0 |      22 |       0 |   0.0
        D:5 |     863 |      20 |   2.3 |      24 |      11 |  31.4
        D:6 |    1101 |     220 |  16.7 |      37 |       2 |   5.1
        D:7 |    1975 |      55 |   2.7 |      30 |       3 |   9.1
        D:8 |    1127 |       5 |   0.4 |      22 |       2 |   8.3
        D:9 |    2785 |       0 |   0.0 |      18 |       0 |   0.0
       D:10 |    2000 |     993 |  33.2 |      25 |       4 |  13.8
       D:11 |    6137 |    1048 |  14.6 |      28 |      16 |  36.4
    Ossuary |       0 |     298 | 100.0 |       0 |      16 | 100.0
     Bailey |       0 |    2059 | 100.0 |       0 |      21 | 100.0
            +---------+---------+-------+---------+---------+-------
